 Seeded DCSS version 0.30.0-15-g856e2d3f33 (webtiles) character file.

Game seed: 12735965570273765983 (custom seed)

30 Pimp the Shooter (level 3, -4/21 HPs)
             Began as a Deep Elf Hunter on May 19, 2023.
             Slain by Terence
             ... wielding a +3 flail
              (13 damage)
             ... on level 2 of the Dungeon.
             The game lasted 00:01:28 (669 turns).

Pimp the Shooter (Deep Elf Hunter)                   Turns: 669, Time: 00:01:29

Health: -4/21      AC:  3    Str:  6 (8)  XL:     3   Next: 3%
Magic:  5/5        EV: 12    Int: 12 (13) God:
Gold:   17         SH:  0    Dex: 18 (20) Spells: 2/2 levels left

rFire   . . .        a - +0 shortbow
rCold   . . .        (shield currently unavailable)
rNeg    . . .        c - +0 leather armour
rPois   .            (no helmet)
rElec   .            (no cloak)
rCorr   .            (no gloves)
SInv    .            (no boots)
Will    .....        (no amulet)
Stlth   ++           (no ring)
HPRegen 0.23/turn    (no ring)
MPRegen 0.09/turn

%: no passive effects
@: hasted, studying 2 skills, very quick
A: no striking features
a: no special abilities


You were on level 2 of the Dungeon.
You visited 1 branch of the dungeon, and saw 2 of its levels.

You collected 17 gold pieces.

Inventory:

Hand Weapons
 a - a +0 shortbow (weapon)
Armour
 c - a +0 leather armour (worn)
Scrolls
 b - a scroll of immolation
 d - a scroll of blinking {unknown}
 e - a scroll of identify {unknown}


   Skills:
 + Level 2.0 Fighting
 + Level 5.6 Ranged Weapons
 + Level 3.0 Dodging
 + Level 2.2 Stealth
 + Level 0.0 Spellcasting
 + Level 0.0 Necromancy
 + Level 0.2 Fire Magic


You had 2 spell levels left.
You didn't know any spells.
Your spell library was empty.

Dungeon Overview and Level Annotations

Branches:
Dungeon (2/15)

Altars:
Qazlal

Annotations:
D:2 Terence


Message History

No target in view!
An endoplasm comes into view.
An endoplasm is nearby!
You shoot an arrow. The arrow hits the endoplasm!
You kill the endoplasm!
No target in view!
Terence the Incautious comes into view.
He is wielding a +3 flail.
Found a robe.
Found an escape hatch in the floor.
You shoot an arrow. The arrow hits Terence.
Terence shouts!
Terence is lightly wounded.
You shoot an arrow. The arrow closely misses Terence.
You hear an angry hiss.
No target in view!
No target in view!
Terence says, "Time to say good-bye..."
You shoot an arrow.
The arrow hits Terence but does no damage.
Terence is lightly wounded.
You shoot an arrow.
The arrow hits Terence but does no damage.
Terence is lightly wounded.
Terence hits you with a +3 flail!
You shoot an arrow. The arrow barely misses Terence.
Terence misses you.
You shoot an arrow.
The arrow hits Terence but does no damage.
Terence is lightly wounded.
Terence hits you with a +3 flail.
You are too injured to fight recklessly!
You are too injured to fight recklessly!
You are too injured to fight recklessly!
You are too injured to fight recklessly!
It was a potion of degeneration.
There was something very wrong with that liquid.
You feel weakened.
You feel dopey.
You feel clumsy. Terence closely misses you.
It was a potion of haste.
You feel yourself speed up. Terence hits you with a +3 flail!
Ouch! That really hurt!
You die...

#######
.....####
#......###.#
#).........
#.._...#
#.....####
#.......<# #
#...#.######..#
#.#.#....@....#
# #
######@.....#
......# ..>[..#
......# ......#
#######


You could see Terence.

Vanquished Creatures
  4 ball pythons (D:1)
  3 endoplasms
  A goblin (D:1)
  3 hobgoblins (D:1)
  5 jackals (D:1)
  2 kobolds (D:1)
  2 quokkas (D:1)
  A frilled lizard (D:1)
  3 rats (D:1)
24 creatures vanquished.

Notes
Turn   | Place    | Note
-------+----------+-------------------------------------------
     0 | D:1      | Pimp the Deep Elf Hunter began the quest for the Orb.
     0 | D:1      | Reached XP level 1. HP: 12/12 MP: 3/3
    87 | D:1      | Reached XP level 2. HP: 17/17 MP: 4/4
   432 | D:1      | Reached XP level 3. HP: 21/21 MP: 5/5
   610 | D:1      | Identified 2 scrolls of acquirement
   610 | D:1      | Acquired a manual of Necromancy
   612 | D:1      | Acquired a manual of Fire Magic
   648 | D:2      | Found a stormy altar of Qazlal.
   660 | D:2      | Noticed Terence
   669 | D:2      | Slain by Terence

Illustrated notes

Levels and vault maps discovered:
D:1:      dpeg_arrival_long_road, layout_loops_cross, hex_tiny
D:2:      minmay_evil_eye, layout_basic, basic_altar, minmay_ruptured,
          uniq_terence

Skill      XL: |  1  2 |
---------------+-------+-----
Stealth        | 2 |  2.2
Dodging        | 3 |  3.0
Fighting       | 2 |  2.0
Ranged Weapons | |  5.6
Fire Magic     | |  0.2

Action                     || total
---------------------------++-------
   Fire: Shortbow          ||    51
    Use: Scroll            ||     2
         Potion            ||     2
  Dodge: Dodged            ||    12
